 Dungeon Crawl Stone Soup version 0.26-a0-597-gb535b0901c (webtiles) character file.

Game seed: 9557634736761586719

90 Lanoc the Bolt Thrower (level 4, -1/38 HPs)
             Began as a Minotaur Hunter on Sept 1, 2020.
             Was a Follower of Vehumet.
             Slain by an adder (3 damage)
             ... on level 4 of the Dungeon.
             The game lasted 00:01:47 (1655 turns).

Lanoc the Bolt Thrower (Minotaur Hunter)            Turns: 1655, Time: 00:01:47

Health: -1/38      AC:  3    Str: 15 (17) XL:     4   Next: 32%
Magic:  3/3        EV: 12    Int:  6 (8)  God:    Vehumet [*.....]
Gold:   90         SH:  0    Dex:  9 (11) Spells: 3/3 levels left

rFire    . . .     SeeInvis .   b - +0 short sword
rCold    . . .     Faith    .   (no shield)
rNeg     . . .     Spirit   .   c - +0 leather armour
rPois    .         Reflect  .   (helmet restricted)
rElec    .         Harm     .   (no cloak)
rCorr    .                      (no gloves)
MR       .....                  (no boots)
Stlth    +.........             (no amulet)
HPRegen  0.12/turn              m - ring of flight
MPRegen  0.08/turn              (no ring)

@: stab
A: retaliatory headbutt, horns 2
a: Renounce Religion, Evoke Flight


You were on level 4 of the Dungeon.
You worshipped Vehumet.
Vehumet was aware of your devotion.
You visited 1 branch of the dungeon, and saw 4 of its levels.

You collected 90 gold pieces.

Inventory:

Hand Weapons
 a - a +1 hand crossbow
 b - a +0 short sword (weapon)
Missiles
 d - 20 bolts
 g - 7 datura-tipped darts (quivered)
Armour
 c - a +0 leather armour (worn)
Jewellery
 m - a ring of flight (left hand)
Wands
 q - a wand of paralysis (5)
Scrolls
 e - a scroll of amnesia {unknown}
 i - a scroll of blinking {unknown}
 k - a scroll of enchant armour {unknown}
 l - 3 scrolls of identify {unknown}
 n - a scroll of fog {unknown}
 o - 3 scrolls of teleportation {unknown}
Potions
 j - a potion of lignification {unknown}
 p - a potion of heal wounds {unknown}


   Skills:
 + Level 3.4 Fighting
 * Level 5.5 Crossbows
 + Level 3.1 Dodging
 - Level 0.7 Stealth


You had 3 spell levels left.
You didn't know any spells.
Your spell library was empty.

Dungeon Overview and Level Annotations

Branches:
Dungeon (4/15)
 Temple: D:4-7

Altars:
Vehumet


Innate Abilities, Weirdness & Mutations

You reflexively headbutt those who attack you in melee.
You have a pair of horns on your head.


Message History

You are too injured to fight recklessly!
You are too injured to fight recklessly!
You are too injured to fight recklessly!
You miss the hound.
The hound is almost dead.
The hound closely misses you. The adder barely misses you.
You furiously retaliate!
You headbutt the adder. The hound bites you.
* * * LOW HITPOINT WARNING * * *
The adder bites you.
* * * LOW HITPOINT WARNING * * *
It was a potion of degeneration.
There was something very wrong with that liquid.
You feel weakened.
You feel dopey.
You feel clumsy. The hound closely misses you. You furiously retaliate!
You headbutt the hound, but do no damage.
The adder closely misses you. You furiously retaliate!
You headbutt the adder.
It was a potion of stabbing.
You feel ready to backstab. The hound barely misses you. The adder bites you.
You die...

.........####.......#
.######.## #.##.##.# .
#.# # #..##.# .# #.# #
#.###.# .. #+# #.#.# #.#
.## . #.#.###.# ..#####
... #.......# ......
.......####.#.###
..#.#..........S@......#
...............h.......#
.<###..........###.....#
..# ..(..... #.#.#.# #.#
...># #.....# #.## ...#
#####.# ..... #+# .#
##### #


You could see a hound and an adder.

Vanquished Creatures
  5 adders
  An ooze (D:2)
  An adder skeleton (D:4)
  2 dart slugs
  3 orcs
  2 giant cockroaches (D:3)
  3 goblins
  3 hobgoblins (D:3)
  3 jackals (D:3)
  2 kobolds
  A quokka (D:3)
  3 bats
  4 rats (D:3)
33 creatures vanquished.

Notes
Turn   | Place    | Note
-------+----------+-------------------------------------------
     0 | D:1      | Lanoc the Minotaur Hunter began the quest for the Orb.
     0 | D:1      | Reached XP level 1. HP: 18/18 MP: 0/0
   244 | D:2      | Reached XP level 2. HP: 23/25 MP: 1/1
   272 | D:2      | You fall into a shaft and drop 2 floors!
   392 | D:3      | Reached skill level 5 in Crossbows
   392 | D:3      | Reached XP level 3. HP: 27/31 MP: 2/2
   848 | D:3      | Found a faded altar of an unknown god.
   850 | D:3      | Became a worshipper of Vehumet
   850 | D:3      | Reached * piety under Vehumet
   850 | D:3      | Offered knowledge of Foxfire by Vehumet.
  1332 | D:4      | Reached XP level 4. HP: 37/38 MP: 3/3
  1655 | D:4      | Slain by an adder

Illustrated notes

Levels and vault maps discovered:
D:1:      matt_arrival_diagonals, layout_loops_ring,
          ebering_dispersal_statue_hall
D:2:      layout_rooms, lemuel_crystal_altar
D:3:      layout_basic, chequers_ecumenical_altar_twisty, st_stairs_4
D:4:      layout_loops_corners

Skill      XL: |  1  2  3 |
---------------+----------+-----
Fighting       | 3 |  3.4
Crossbows      | 5 |  5.5
Dodging        | 3 |  3.1
Stealth        | |  0.7

Action                   |  1- 3 |  4- 6 || total
-------------------------+-------+-------++-------
Melee: Short sword       |    80 |    18 ||    98
       Headbutt          |    12 |     3 ||    15
  Use: Potion            |       |     2 ||     2
 Stab: Distracted        |     1 |       ||     1
Armor: Leather armour    |    16 |     4 ||    20
Dodge: Dodged            |    58 |    19 ||    77

Table legend: (Time is in decaauts)
 A = Elapsed time spent in this place.
 B = Non-inter-level travel time spent in this place.
 C = Inter-level travel time spent in this place.
 D = Time resting spent in this place.
 E = Time spent auto-exploring this place.
 F = Levels seen in this place.
 G = Mean time per level.
                   A        B        C        D        E       F      G
               +--------+--------+--------+--------+--------+-----+--------+
         Total |   1663 |   1643 |     20 |      0 |   1412 |   4 |  415.8 |
       Dungeon |   1663 |   1643 |     20 |      0 |   1412 |   4 |  415.8 |
               +--------+--------+--------+--------+--------+-----+--------+

Top non-repeatable levels by time:
     D:3: 933 daAuts
     D:4: 458 daAuts
     D:1: 200 daAuts
     D:2: 72 daAuts
